 Dungeon Crawl Stone Soup version 0.30.0 (webtiles) character file.

Game seed: 14931620580662857866

6300 Oblong the Basher (level 10, -2/118 HPs)
             Began as a Demonspawn Berserker on July 4, 2023.
             Was a Priest of Trog.
             Slain by a death yak (13 damage)
             ... on level 1 of the Lair of Beasts.
             The game lasted 00:42:36 (11015 turns).

Oblong the Basher (Demonspawn Berserker)           Turns: 11015, Time: 00:42:37

Health: -2/118     AC: 13    Str: 19    XL:     10   Next: 63%
Magic:  10/10      EV: 15    Int:  8    God:    Trog [***...]
Gold:   326        SH:  0    Dex: 16    Spells: 9/9 levels left

rFire   . . .        J - +5 war axe (protect)
rCold   . . .        (no shield)
rNeg    . . .        K - +0 steam dragon scales
rPois   +            (helmet restricted)
rElec   .            (no cloak)
rCorr   +            (no gloves)
SInv    .            (no boots)
Will    .....        i - amulet of the acrobat Stlth
                     v - ring of resist corrosion
HPRegen 0.39/turn    z - ring of poison resistance
MPRegen 0.24/turn

%: acrobat
@: berserking, under a protective aura, very quick
A: antennae 2, demonic guardian 1, magic regeneration, weakness stinger 2
a: Renounce Religion, Berserk, Trog's Hand


You were on level 1 of the Lair of Beasts.
You worshipped Trog.
Trog was most pleased with you.
You visited 3 branches of the dungeon, and saw 10 of its levels.

You collected 326 gold pieces.

Inventory:

Hand Weapons
 a - a +1 mace
 e - a +0 club
 q - a +3 dagger
 s - a +1 mace of protection
 J - a +5 war axe of protection (weapon)
Missiles
 o - 9 poisoned darts (quivered)
 y - a throwing net
Armour
 b - a +0 animal skin
 d - a +0 robe
 n - a +1 robe of willpower
 t - a +0 helmet
 K - +0 steam dragon scales (worn)
Jewellery
 i - an amulet of the acrobat (around neck)
 v - a ring of resist corrosion (left hand)
 x - a ring of willpower
 z - a ring of poison resistance (right hand)
 G - an amulet of regeneration
 I - a ring of willpower
Wands
 f - a wand of flame (36)
 j - a wand of paralysis (4)
 B - a wand of iceblast (9)
 E - a wand of polymorph (10)
Scrolls
 c - a scroll of magic mapping {unknown}
 g - 2 scrolls of fog
 h - a scroll of torment
 l - 5 scrolls of teleportation
 m - 2 scrolls of fear
 p - 2 scrolls of poison {unknown}
 u - a scroll of butterflies {unknown}
 w - a scroll of noise {unknown}
Potions
 k - 4 potions of lignification
 r - a potion of brilliance {unknown}
 A - a potion of mutation {unknown}
 C - a potion of magic {unknown}
 D - 2 potions of berserk rage {unknown}
 F - 3 potions of curing {unknown}
 H - 3 potions of ambrosia {unknown}


   Skills:
 + Level 7.3 Fighting
 * Level 3.1(6.5) Axes
 - Level 9.0(9.3) Maces & Flails
 - Level 1.3 Throwing
 + Level 6.9 Armour
 + Level 6.6 Dodging
 + Level 3.3 Stealth


You had 9 spell levels left.
You didn't know any spells.
Your spell library contained the following spells:

 Spells                   Type           Power      Damage    Failure   Level
 Slow                     Hex            0%         N/A       41%         1
 Confusing Touch          Hex            0%         N/A       78%         3
 Vampiric Draining        Necr           0%         2d6       78%         3


Dungeon Overview and Level Annotations

Branches:
Dungeon (8/15)             Temple (1/1) D:4            Lair (1/5) D:8

Altars:
Ashenzari
Cheibriados
Fedhas
Gozag
Hepliaklqana
Kikubaaqudgha
Nemelex Xobeh
Okawaru
Sif Muna
Uskayaw
Vehumet
Wu Jian
Xom
Yredelemnul


Innate Abilities, Weirdness & Mutations

You have a pair of antennae on your head.
A weak demonic guardian rushes to your aid.
You regenerate magic rapidly.
You have a tail ending in a sharp stinger.


Message History

You kill the death yak!
Trog accepts your kill.
Your Fighting skill increases to level 7!
Your base Axes skill increases to level 2!
The death yak gores you!!
* * * LOW HITPOINT WARNING * * *
Things that are here:
a death yak corpse; a death yak corpse You slash the death yak!
The death yak is lightly wounded.
The death yak gores you.
* * * LOW HITPOINT WARNING * * *
A demonic guardian appears!
You barely miss the death yak. You tail-slap the death yak!
The death yak is moderately wounded.
The death yak gores you!
* * * LOW HITPOINT WARNING * * *
Okay, then.
You slash the death yak! You tail-slap the death yak!
The death yak is heavily wounded.
The death yak gores you but does no damage.
You slash the death yak!
The death yak is severely wounded.
Your white imp gestures at the death yak.
The puff of frost hits the death yak but does no damage.
You strike the helpless death yak from behind!
You slash the death yak!
The death yak is almost dead.
The death yak closely misses you.
Your white imp hits the death yak but does no damage.
You slash the death yak!
You kill the death yak!
Trog accepts your kill.
Your white imp gestures at the death yak.
The puff of frost hits the death yak but does no damage.
Your base Axes skill increases to level 3!
You slice the death yak!!
The death yak is moderately wounded.
The death yak gores you!
You die...

.. .. ##( .( #.##
(.# ##Y# #5@# ###
##.######
.....#......## P
.P............###
#.
..#....[........#
#..
#####P####....##
#... ###
##....###...#
##.#..#...#
##......##


You could see a death yak (ally target) and a friendly white imp (summoned).

Vanquished Creatures
  3 death yaks (Lair:1)
  2 cane toads (Lair:1)
  A hornet (D:8)
  Prince Ribbit (D:6)
  A basilisk (Lair:1)
  A steam dragon (Lair:1)
  Menkaure (D:6)
  4 water moccasins (Lair:1)
  2 ice beasts
  A sky beast (D:6)
  4 black bears
  2 ogres (D:5)
  3 wolves (Lair:1)
  A centaur (D:7)
  A phantom (D:6)
  3 kobold brigands
  2 scorpions
  4 wights (D:7)
  A gnoll bouda (D:5)
  3 hounds
  4 orc priests
  4 sleepcaps
  Jessica (D:3)
  Ijyb (D:5)
  Natasha (D:3)
  5 iguanas
  6 orc wizards
  5 gnolls (D:5)
  2 river rats (D:3)
  7 adders
  2 shadow imps (D:7)
  A white imp (D:6)
  3 ufetubi
  A dart slug (D:2)
  14 orcs
  6 endoplasms
  4 giant cockroaches
  3 goblins
  7 hobgoblins
  13 jackals
  16 kobolds
  7 quokkas
  9 ball pythons
  7 bats
  10 frilled lizards
  9 rats
189 creatures vanquished.

Vanquished Creatures (collateral kills)
  A water moccasin (Lair:1)
1 creature vanquished.

Vanquished Creatures (others)
  An orc wizard (D:5)
  A bush (Lair:1)
  13 plants
15 creatures vanquished.

Grand Total: 205 creatures vanquished

Notes
Turn   | Place    | Note
-------+----------+-------------------------------------------
     0 | D:1      | Oblong the Demonspawn Berserker began the quest for the
                  | Orb.
     0 | D:1      | Reached XP level 1. HP: 18/18 MP: 1/1
   133 | D:1      | Discovered your monstrous ancestry.
   133 | D:1      | Gained mutation: You have a small tail. [demonic ancestry]
   133 | D:1      | Reached XP level 2. HP: 15/24 MP: 2/2
   153 | D:1      | Reached skill level 3 in Maces & Flails
   253 | D:1      | Reached ** piety under Trog
   413 | D:1      | Reached XP level 3. HP: 29/29 MP: 3/3
  1147 | D:3      | Noticed Jessica
  1153 | D:3      | Killed Jessica
  1154 | D:3      | Gained mutation: You regenerate magic rapidly. [demonic
                  | ancestry]
  1154 | D:3      | Reached XP level 4. HP: 15/37 MP: 4/4
  1652 | D:3      | Noticed a kobold brigand
  1653 | D:3      | Noticed a kobold brigand
  1664 | D:3      | Killed a kobold brigand
  1665 | D:3      | Reached skill level 4 in Maces & Flails
  1665 | D:3      | Reached XP level 5. HP: 29/42 MP: 5/5
  1670 | D:3      | Gained mutation: A weak demonic guardian rushes to your
                  | aid. [demonic ancestry]
  1670 | D:3      | Reached XP level 6. HP: 24/49 MP: 6/6
  2113 | D:3      | Noticed Natasha
  2118 | D:3      | Killed Natasha
  3518 | D:4      | Reached skill level 5 in Maces & Flails
  3518 | D:4      | Reached skill level 1 in Stealth
  3518 | D:4      | Gained mutation: You have a tail ending in a sharp stinger.
                  | [demonic ancestry]
  3518 | D:4      | Reached XP level 7. HP: 54/55 MP: 7/7
  4240 | D:4      | Found a staircase to the Ecumenical Temple.
  4315 | Temple   | Entered the Ecumenical Temple
  4780 | D:4      | Found an ancient bone altar of Kikubaaqudgha.
  4781 | D:4      | Found a blossoming altar of Fedhas.
  5655 | D:5      | Entered Level 5 of the Dungeon
  5711 | D:5      | Reached skill level 5 in Fighting
  5737 | D:5      | Gained mutation: You have a pair of small antennae on your
                  | head. [demonic ancestry]
  5737 | D:5      | Reached XP level 8. HP: 62/62 MP: 8/8
  5935 | D:5      | Reached skill level 6 in Maces & Flails
  6158 | D:5      | Reached *** piety under Trog
  6168 | D:5      | Noticed Ijyb
  6192 | D:5      | Killed Ijyb
  6958 | D:5      | Found an iron altar of Okawaru.
  7231 | D:6      | Reached skill level 5 in Armour
  7361 | D:6      | Noticed Menkaure
  7369 | D:6      | Killed Menkaure
  7542 | D:6      | Found a broken altar of Ashenzari.
  7901 | D:6      | Reached skill level 7 in Maces & Flails
  8060 | D:6      | Noticed Prince Ribbit
  8069 | D:6      | Killed Prince Ribbit
  8070 | D:6      | Reached XP level 9. HP: 69/69 MP: 9/9
  8169 | D:6      | Found an ornate altar of the Wu Jian Council.
  8615 | D:7      | Found a radiant altar of Vehumet.
  8820 | D:7      | Found a basalt altar of Yredelemnul.
  9086 | D:7      | Reached skill level 1 in Throwing
  9086 | D:7      | Reached skill level 5 in Dodging
  9734 | D:7      | Found a snail-covered altar of Cheibriados.
  9891 | D:7      | You fall into a shaft and drop 1 floor!
 10016 | D:8      | Reached skill level 8 in Maces & Flails
 10075 | D:8      | Found a staircase to the Lair.
 10086 | Lair:1   | Entered Level 1 of the Lair of Beasts
 10086 | Lair:1   | Noticed a cane toad
 10097 | Lair:1   | Killed a cane toad
 10486 | Lair:1   | Found a blossoming altar of Fedhas.
 10492 | Lair:1   | Noticed a cane toad
 10518 | Lair:1   | Gained mutation: You have a pair of antennae on your head.
                  | [demonic ancestry]
 10518 | Lair:1   | Reached XP level 10. HP: 77/77 MP: 10/10
 10521 | Lair:1   | Killed a cane toad
 10744 | Lair:1   | Reached skill level 9 in Maces & Flails
 10985 | Lair:1   | Noticed a death yak
 10991 | Lair:1   | Noticed a death yak
 10993 | Lair:1   | Noticed a death yak
 10998 | Lair:1   | Noticed a death yak
 11003 | Lair:1   | Killed a death yak
 11004 | Lair:1   | Reached skill level 1 in Axes
 11007 | Lair:1   | Killed a death yak
 11014 | Lair:1   | Killed a death yak
 11015 | Lair:1   | Slain by a death yak

Illustrated notes

Levels and vault maps discovered:
D:1:      dpeg_arrival_signposts, layout_rooms, minmay_cut_off
D:2:      layout_rooms
D:3:      cheibrodos_thug_alley, layout_basic, portal_sewer_entry_c,
          uniq_jessica, uniq_natasha
D:4:      layout_loops_corners, grunt_temple_overflow_growth_and_decay,
          zin_scriptorium, minmay_temple_entry_glassed_door, nrook_loot_triangle
D:5:      layout_basic, nicolae_overflow_hidden_temple, uniq_ijyb
D:6:      layout_loops_ring, cheibrodos_ashenzari_chains,
          general_overflow_altar, st_stairs_5, minmay_lizard_king,
          uniq_menkaure, uniq_prince_ribbit1
D:7:      layout_gridville, vehumet_crystals, mainiacjoe_overflow_tiny_flanked,
          overflow_temple_1_default
D:8:      layout_loops_corners, nicolae_overflow_hallway_of_the_gods,
          lair_entry_dummy, nrook_campfire, uniq_maurice, uniq_joseph
Temple:   nicolae_temple_ecumenical_triangle
Lair:1:   layout_concentric_octagons, basic_altar

Skill      XL: |  1  2  3  4  5  6  7  8  9 10 |
---------------+-------------------------------+-----
Maces & Flails | 3 4 5 7 8 9 |  9.0
Armour         | 2 3 4 5 6 |  6.9
Dodging        | 2 3 4 5 6 |  6.6
Fighting       | 4 5 6 7 |  7.3
Stealth        | 1 2 3 |  3.3
Throwing       | 1 |  1.3
Axes           | 3 |  3.1

Action                     |  1- 3 |  4- 6 |  7- 9 | 10-12 || total
---------------------------+-------+-------+-------+-------++-------
  Melee: Mace              |   121 |   148 |   411 |    47 ||   727
         Tailslap          |     8 |    19 |    67 |    11 ||   105
         Punch             |       |     2 |     4 |       ||     6
         War axe           |       |       |       |    16 ||    16
  Throw: Dart              |       |       |     9 |     9 ||    18
 Invoke: Berserk           |     2 |     5 |    18 |     2 ||    27
         Trog's Hand       |       |       |     1 |     1 ||     2
    Use: Scroll            |     4 |       |     5 |     1 ||    10
         Potion            |     1 |       |     2 |       ||     3
   Stab: Distracted        |       |       |     3 |     1 ||     4
 Armour: Animal skin       |     8 |       |       |       ||     8
         Ring mail         |    43 |    47 |   222 |       ||   312
         Skin              |       |       |    72 |       ||    72
         Steam dragon scal |       |       |     1 |    21 ||    22
  Dodge: Dodged            |    84 |    92 |   316 |    33 ||   525
